TOP OF THE 1ST |
Utica Unicorns batting - Pitching for Havana Rollers : LHP Dennis Taylor
|
Pitching: LHP Dennis Taylor
|
|
Batting: LHB Raúl Morales
|
0-0: Ball 1-0: Called Strike 1-1: Swinging Strike 1-2: Strikes out looking
|
Batting: RHB Gerald Burnett
|
0-0: Swinging Strike 0-1: Ball 1-1: Ball 2-1: Called Strike 2-2: Strikes out looking
|
Batting: LHB Tony O'Bryan
|
0-0: Called Strike 0-1: Foul Ball, location: 2F 0-2: Strikes out swinging
|
Top of the 1st over - 0 run(s), 0 hit(s), 0 error(s), 0 left on base; Utica 0 - Havana 0 |
BOTTOM OF THE 1ST |
Havana Rollers batting - Pitching for Utica Unicorns : LHP Miguel Galván
|
Pitching: LHP Miguel Galván
|
|
Batting: LHB Rafael Delgado
|
0-0: Bunt for hit - play at first, batter OUT! 1-3
|
Batting: RHB Francisco Rincón
|
0-0: Ball 1-0: Ball 2-0: Called Strike 2-1: Ground out 6-3 (Groundball, 6)
|
Batting: RHB Paul Bailey
|
0-0: Swinging Strike 0-1: Ball 1-1: Swinging Strike 1-2: Strikes out swinging
|
Bottom of the 1st over - 0 run(s), 0 hit(s), 0 error(s), 0 left on base; Utica 0 - Havana 0 |
TOP OF THE 2ND |
Utica Unicorns batting - Pitching for Havana Rollers : LHP Dennis Taylor
|
Batting: RHB Carlos García
|
0-0: Called Strike 0-1: Ball 1-1: Ball 2-1: Foul Ball, location: 2F 2-2: Ball 3-2: Fly out, F7 (Flyball, 7)
|
Batting: RHB Marcos Castillo
|
0-0: Ball 1-0: Ball 2-0: Ball 3-0: Called Strike 3-1: Called Strike 3-2: Strikes out swinging
|
Batting: RHB Fernando Gálvez
|
0-0: Ball 1-0: Foul Ball, location: 2F 1-1: Ball 2-1: Ball 3-1: Base on Balls
|
Batting: LHB Mitchell Oglethorpe
|
0-0: Called Strike 0-1: Foul Ball, location: 2F 0-2: Foul Ball, location: 2F 0-2: Ball 1-2: DOUBLE (Groundball, 3L) Fernando Gálvez to third Runner from 3rd tries for Home, SAFE, no throw
|
Batting: RHB Jack Bailey
|
0-0: Ground out 4-3 (Groundball, 4M)
|
Top of the 2nd over - 1 run(s), 1 hit(s), 0 error(s), 1 left on base; Utica 1 - Havana 0 |
BOTTOM OF THE 2ND |
Havana Rollers batting - Pitching for Utica Unicorns : LHP Miguel Galván
|
Batting: SHB Yasuhiro Ikarashi
|
0-0: Ball 1-0: Ground out 6-3 (Groundball, 6)
|
Batting: LHB Zhi-huan Loong
|
0-0: Fly out, F4 (Line Drive, 4)
|
Batting: RHB Jesús Villalobos
|
0-0: Called Strike 0-1: Foul Ball, location: 2F 0-2: Ball 1-2: Ball 2-2: Ground out 6-3 (Groundball, 6)
|
Bottom of the 2nd over - 0 run(s), 0 hit(s), 0 error(s), 0 left on base; Utica 1 - Havana 0 |
TOP OF THE 3RD |
Utica Unicorns batting - Pitching for Havana Rollers : LHP Dennis Taylor
|
Batting: RHB Mitsuoki Taguchi
|
0-0: Swinging Strike 0-1: Ball 1-1: Ball 2-1: Fly out, F7 (Flyball, 7D)
|
Batting: LHB Raúl Morales
|
0-0: Called Strike 0-1: Foul Ball, location: 2F 0-2: Ball 1-2: Ball 2-2: Foul Ball, location: 2F 2-2: TRIPLE (Flyball, 89XD)
|
Batting: RHB Gerald Burnett
|
0-0: Ball 1-0: Ball 2-0: SINGLE (Flyball, 9LS) Raúl Morales scores
|
Batting: LHB Tony O'Bryan
|
0-0: Ball 1-0: Foul Ball, location: 2F 1-1: Foul Ball, location: 2F 1-2: Strikes out swinging
|
Batting: RHB Carlos García
|
0-0: Ball 1-0: Ball 2-0: Foul Ball, location: 2F 2-1: SINGLE (Groundball, 15S) (infield hit) Gerald Burnett to second
|
Batting: RHB Marcos Castillo
|
0-0: Ball 1-0: Ball 2-0: Called Strike 2-1: DOUBLE (Line Drive, 8LM) Gerald Burnett scores Carlos García to third Runner from 3rd tries for Home, throw and OUT!
|
Top of the 3rd over - 2 run(s), 4 hit(s), 0 error(s), 1 left on base; Utica 3 - Havana 0 |
BOTTOM OF THE 3RD |
Havana Rollers batting - Pitching for Utica Unicorns : LHP Miguel Galván
|
Batting: SHB Pepe Piña
|
0-0: Ball 1-0: Ball 2-0: Ball 3-0: Called Strike 3-1: Bunted foul 3-2: Base on Balls
|
Batting: RHB Chad Case
|
0-0: Ball 1-0: Ball 2-0: Foul Ball, location: 2F 2-1: Foul Ball, location: 2F 2-2: Ball 3-2: Base on Balls Pepe Piña to second
|
Batting: RHB León Rivera
|
0-0: Called Strike 0-1: Ball 1-1: Foul Ball, location: 2F 1-2: Ball 2-2: Strikes out swinging
|
Batting: LHB Rafael Delgado
|
0-0: Swinging Strike 0-1: Foul Ball, location: 2F Balk! Pepe Piña to third Chad Case to second 0-2: Foul Ball, location: 2F 0-2: Foul Ball, location: 2F 0-2: Ball 1-2: Strikes out swinging
|
Batting: RHB Francisco Rincón
|
0-0: Swinging Strike 0-1: Foul Ball, location: 2F 0-2: Ball 1-2: Ball 2-2: Ball 3-2: Base on Balls
|
Batting: RHB Paul Bailey
|
0-0: Ball 1-0: Called Strike 1-1: Fielders Choice at 2nd, 5-4 (Groundball, 5)
|
Bottom of the 3rd over - 0 run(s), 0 hit(s), 0 error(s), 2 left on base; Utica 3 - Havana 0 |
TOP OF THE 4TH |
Utica Unicorns batting - Pitching for Havana Rollers : LHP Dennis Taylor
|
Batting: RHB Fernando Gálvez
|
0-0: Called Strike 0-1: Ball 1-1: Foul Ball, location: 2F 1-2: Ball 2-2: Ground out 5-3 (Groundball, 5S)
|
Batting: LHB Mitchell Oglethorpe
|
0-0: Ball 1-0: Called Strike 1-1: Ball 2-1: Swinging Strike 2-2: Ball 3-2: Foul Ball, location: 2F 3-2: Foul Ball, location: 2F 3-2: Base on Balls
|
Batting: RHB Jack Bailey
|
0-0: Called Strike 0-1: Called Strike 0-2: Strikes out swinging
|
Batting: RHB Mitsuoki Taguchi
|
0-0: Called Strike 0-1: Ball 1-1: Ball 2-1: Ball 3-1: Base on Balls Mitchell Oglethorpe to second
|
Batting: LHB Raúl Morales
|
0-0: Foul Ball, location: 2F 0-1: Ball 1-1: Foul Ball, location: 2F 1-2: Ball 2-2: Strikes out swinging
|
Top of the 4th over - 0 run(s), 0 hit(s), 0 error(s), 2 left on base; Utica 3 - Havana 0 |
BOTTOM OF THE 4TH |
Havana Rollers batting - Pitching for Utica Unicorns : LHP Miguel Galván
|
Batting: SHB Yasuhiro Ikarashi
|
0-0: Foul Ball, location: 2F 0-1: Ball 1-1: Ball 2-1: Swinging Strike 2-2: Foul Ball, location: 2F 2-2: Strikes out swinging
|
Batting: LHB Zhi-huan Loong
|
0-0: Ball 1-0: Called Strike 1-1: Ball 2-1: Swinging Strike 2-2: Strikes out looking
|
Batting: RHB Jesús Villalobos
|
0-0: Foul Ball, location: 2F 0-1: Foul Ball, location: 2F 0-2: Foul Ball, location: 2F 0-2: Ball 1-2: Ball 2-2: Ball 3-2: Base on Balls
|
Batting: SHB Pepe Piña
|
0-0: Ball 1-0: Called Strike 1-1: Ground out 5-3 (Groundball, 56)
|
Bottom of the 4th over - 0 run(s), 0 hit(s), 0 error(s), 1 left on base; Utica 3 - Havana 0 |
TOP OF THE 5TH |
Utica Unicorns batting - Pitching for Havana Rollers : LHP Dennis Taylor
|
Pitching: LHP Dave Miller
|
|
Batting: RHB Gerald Burnett
|
0-0: Ball 1-0: Called Strike 1-1: Called Strike 1-2: Fly out, F6 (Popup, 56)
|
Batting: LHB Tony O'Bryan
|
0-0: Ground out 4-3 (Groundball, 4)
|
Batting: RHB Carlos García
|
0-0: Ground out 5-3 (Groundball, 56S)
|
Top of the 5th over - 0 run(s), 0 hit(s), 0 error(s), 0 left on base; Utica 3 - Havana 0 |
BOTTOM OF THE 5TH |
Havana Rollers batting - Pitching for Utica Unicorns : LHP Miguel Galván
|
Batting: RHB Chad Case
|
0-0: Foul Ball, location: 2F 0-1: Swinging Strike 0-2: Ball 1-2: Ball 2-2: Foul Ball, location: 2F 2-2: Ball 3-2: Ground out 6-3 (Groundball, 6)
|
Batting: RHB León Rivera
|
0-0: Ball 1-0: Swinging Strike 1-1: SINGLE (Line Drive, 78M)
|
Batting: LHB Rafael Delgado
|
0-0: Foul Ball, location: 2F 0-1: Called Strike 0-2: Strikes out looking
|
Batting: RHB Francisco Rincón
|
0-0: Called Strike 0-1: Ball 1-1: Ball 2-1: Ground out 5-3 (Groundball, 56S)
|
Bottom of the 5th over - 0 run(s), 1 hit(s), 0 error(s), 1 left on base; Utica 3 - Havana 0 |
TOP OF THE 6TH |
Utica Unicorns batting - Pitching for Havana Rollers : LHP Dave Miller
|
Batting: RHB Marcos Castillo
|
0-0: Ball 1-0: Ground out 6-3 (Groundball, 6)
|
Batting: RHB Fernando Gálvez
|
0-0: Called Strike 0-1: Swinging Strike 0-2: Strikes out looking
|
Batting: LHB Mitchell Oglethorpe
|
0-0: Swinging Strike 0-1: Foul Ball, location: 2F 0-2: Ball 1-2: Foul Ball, location: 2F 1-2: Strikes out swinging
|
Top of the 6th over - 0 run(s), 0 hit(s), 0 error(s), 0 left on base; Utica 3 - Havana 0 |
BOTTOM OF THE 6TH |
Havana Rollers batting - Pitching for Utica Unicorns : LHP Miguel Galván
|
Batting: RHB Paul Bailey
|
0-0: Ball 1-0: Foul Ball, location: 2F 1-1: Swinging Strike 1-2: Strikes out swinging
|
Batting: SHB Yasuhiro Ikarashi
|
0-0: Foul Ball, location: 2F 0-1: Ball 1-1: Ball 2-1: Ball 3-1: Base on Balls
|
Batting: LHB Zhi-huan Loong
|
0-0: Ball Yasuhiro Ikarashi steals 2nd base 1-0: Swinging Strike 1-1: Swinging Strike 1-2: Ball 2-2: Ball 3-2: Base on Balls
|
Pitching: RHP Mario González
|
|
Batting: RHB Jesús Villalobos
|
0-0: Ball 1-0: Foul Ball, location: 2F 1-1: Swinging Strike 1-2: Ball 2-2: Strikes out swinging
|
Batting: SHB Pepe Piña
|
0-0: Called Strike 0-1: Called Strike 0-2: Ball 1-2: Strikes out looking
|
Bottom of the 6th over - 0 run(s), 0 hit(s), 0 error(s), 2 left on base; Utica 3 - Havana 0 |
TOP OF THE 7TH |
Utica Unicorns batting - Pitching for Havana Rollers : LHP Dave Miller
|
Batting: RHB Jack Bailey
|
0-0: Ball 1-0: Ball 2-0: Called Strike 2-1: Ball 3-1: SINGLE (Line Drive, 34D)
|
Batting: RHB Mitsuoki Taguchi
|
0-0: Swinging Strike 0-1: Ball 1-1: Ball 2-1: SINGLE (Line Drive, 8RS) Jack Bailey to second
|
Batting: LHB Raúl Morales
|
0-0: Bunted foul 0-1: Bunted foul 0-2: Strikes out looking
|
Batting: RHB Gerald Burnett
|
0-0: Ball 1-0: Swinging Strike 1-1: Swinging Strike 1-2: Foul Ball, location: 2F 1-2: Strikes out swinging
|
Batting: LHB Tony O'Bryan
|
0-0: Swinging Strike 0-1: Called Strike 0-2: Strikes out swinging
|
Top of the 7th over - 0 run(s), 2 hit(s), 0 error(s), 2 left on base; Utica 3 - Havana 0 |
BOTTOM OF THE 7TH |
Havana Rollers batting - Pitching for Utica Unicorns : RHP Mario González
|
Pitching: RHP Claudio Rivera
|
|
Batting: RHB Chad Case
|
0-0: Foul Ball, location: 2F 0-1: Ball 1-1: SINGLE (Flyball, 78S)
|
Batting: RHB León Rivera
|
0-0: Ball 1-0: Called Strike 1-1: Swinging Strike 1-2: Ball 2-2: Fly out, F9 (Flyball, 9S)
|
Batting: LHB Rafael Delgado
|
0-0: Called Strike 0-1: Ball 1-1: SINGLE (Groundball, 56D) Chad Case to second
|
Batting: RHB Francisco Rincón
|
0-0: Ball Chad Case steals 3rd base Rafael Delgado to second 1-0: Foul Ball, location: 2F 1-1: Ball 2-1: Ball 3-1: Ground out 1-3 (Groundball, 15)
|
Batting: RHB Paul Bailey
|
0-0: Called Strike 0-1: 3-RUN HOME RUN (Flyball, 9D), Distance : 399 ft
|
Pitching: RHP Juan Reyes
|
|
Batting: SHB Yasuhiro Ikarashi
|
0-0: Ball 1-0: SINGLE (Groundball, 56D)
|
Pitching: LHP Javier Luna
|
|
Pinch Hitting: RHB Soshu Nakamura
|
0-0: Ball Yasuhiro Ikarashi steals 2nd base 1-0: Ground out 5-3 (Groundball, 56S)
|
Bottom of the 7th over - 3 run(s), 4 hit(s), 0 error(s), 1 left on base; Utica 3 - Havana 3 |
TOP OF THE 8TH |
Utica Unicorns batting - Pitching for Havana Rollers : LHP Dave Miller
|
Pitching: RHP Brad Sharpe
|
|
Now at 1B: Luis Aguilar
|
|
Batting: RHB Carlos García
|
0-0: Ball 1-0: Called Strike 1-1: Ball 2-1: SOLO HOME RUN (Flyball, 7D), Distance : 383 ft
|
Batting: RHB Marcos Castillo
|
0-0: Called Strike 0-1: Called Strike 0-2: Ground out 4-3 (Groundball, 4)
|
Batting: RHB Fernando Gálvez
|
0-0: Called Strike 0-1: Ball 1-1: Ball 2-1: Fly out, F9 (Flyball, 9S)
|
Batting: LHB Mitchell Oglethorpe
|
0-0: Ball 1-0: Called Strike 1-1: Ball 2-1: Foul Ball, location: 2F 2-2: Strikes out looking
|
Top of the 8th over - 1 run(s), 1 hit(s), 0 error(s), 0 left on base; Utica 4 - Havana 3 |
BOTTOM OF THE 8TH |
Havana Rollers batting - Pitching for Utica Unicorns : LHP Javier Luna
|
Pitching: RHP Patrick Doyle
|
|
Batting: RHB Jesús Villalobos
|
0-0: Called Strike 0-1: Foul Ball, location: 2F 0-2: Ball 1-2: Foul Ball, location: 2F 1-2: Ball 2-2: Ball 3-2: Foul Ball, location: 2F 3-2: SINGLE (Flyball, 8LS)
|
Pitching: LHP Alberto Martínez
|
|
Batting: SHB Pepe Piña
|
0-0: Bunted foul 0-1: Ball 1-1: Sac Bunt - play at first, batter OUT! 5-4 Jesús Villalobos to second
|
Pitching: RHP Pedro Hernández
|
|
Pinch Hitting: LHB Jimmy Husted
|
0-0: Called Strike 0-1: Ball 1-1: SINGLE (Line Drive, 3D) Jesús Villalobos to third Runner from 3rd tries for Home, SAFE, no throw
|
Pinch Hitting: RHB Brian Jackson
|
0-0: Bunted foul 0-1: Ball 1-1: Bunted foul 1-2: Ball 2-2: Foul Ball, location: 2F 2-2: Ball 3-2: Base on Balls Jimmy Husted to second
|
Batting: LHB Rafael Delgado
|
0-0: Called Strike 0-1: Ball 1-1: Swinging Strike 1-2: Foul Ball, location: 2F 1-2: Strikes out swinging
|
Pinch Hitting: LHB Enrique Cortéz
|
0-0: Fly out, F7 (Flyball, 7)
|
Bottom of the 8th over - 1 run(s), 2 hit(s), 0 error(s), 2 left on base; Utica 4 - Havana 4 |
BOTTOM OF THE 9TH |
Havana Rollers batting - Pitching for Utica Unicorns : RHP Pedro Hernández
|
Pitching: RHP Jorge Pérez
|
|
Batting: RHB Paul Bailey
|
0-0: Ball 1-0: Ball 2-0: Foul Ball, location: 2F 2-1: Ground out U3 (Groundball, 34)
|
Batting: SHB Yasuhiro Ikarashi
|
0-0: Called Strike 0-1: Ball 1-1: Swinging Strike 1-2: Ball 2-2: Foul Ball, location: 2F 2-2: Ball 3-2: Base on Balls
|
Pinch Hitting: LHB Shiro Ueno
|
0-0: Ball 1-0: Ball 2-0: Foul Ball, location: 2F 2-1: Foul Ball, location: 2F 2-2: SINGLE (Groundball, 4MD) Yasuhiro Ikarashi to second Yasuhiro Ikarashi to third
|
Batting: RHB Jesús Villalobos
|
0-0: Ball 1-0: Foul Ball, location: 2F 1-1: Fielders Choice attempt at home, Runner SAFE. 6-2 (Groundball, 56)
|
Tuesday, August 8th, 2017 - OOTP Baseball 17.12 Build 75
|
|